 Dungeon Crawl Stone Soup version 0.30-a0-924-g0ad0bf95bc (webtiles) character file.

Game seed: 1141720229389849147

127 12sPaWn12 the Trooper (level 5, 0/57 HPs)
             Began as an Ogre Berserker on Mar 23, 2023.
             Was a Believer of Trog.
             Slain by an orc
             ... wielding a +0 dagger
              (1 damage)
             ... on level 4 of the Dungeon.
             The game lasted 00:02:23 (2156 turns).

12sPaWn12 the Trooper (Ogre Berserker)              Turns: 2156, Time: 00:02:24

Health: 0/57       AC:  3    Str: 23    XL:     5   Next: 11%
Magic:  5/5        EV: 10    Int:  8    God:    Trog [**....]
Gold:   173        SH:  0    Dex:  8    Spells: 4/4 levels left

rFire   + . .      SeeInvis .    a - +0 mace
rCold   . . .      Faith    .    (no shield)
rNeg    . . .      Spirit   .    b - +0 animal skin
rPois   .          Reflect  .    (helmet restricted)
rElec   .          Rampage  .    (no cloak)
rCorr   .                        (gloves unavailable)
Will    .....                    (boots unavailable)
Stlth   +                        (no amulet)
HPRegen 0.29/turn                u - ring of protection from fire
MPRegen 0.09/turn                (no ring)

@: no status effects
A: large, unfitting armour, tough skin 1
a: Renounce Religion, Berserk, Trog's Hand


You were on level 4 of the Dungeon.
You worshipped Trog.
Trog was pleased with you.
You visited 1 branch of the dungeon, and saw 4 of its levels.

You collected 173 gold pieces.

Inventory:

Hand Weapons
 a - a +0 mace (weapon)
Armour
 b - a +0 animal skin (worn)
Jewellery
 u - a ring of protection from fire (left hand)
 v - a ring of protection from cold
Scrolls
 d - a scroll of blinking {unknown}
 e - 2 scrolls of poison {unknown}
 g - 2 scrolls of amnesia {unknown}
 j - 2 scrolls of fear {unknown}
 l - 2 scrolls of enchant weapon {unknown}
 n - 2 scrolls of magic mapping {unknown}
 p - a scroll of immolation {unknown}
 q - a scroll of teleportation {unknown}
 t - a scroll of noise {unknown}
Potions
 c - 2 potions of haste {unknown}
 f - a potion of mutation {unknown}
 h - 2 potions of attraction {unknown}
 i - a potion of experience {unknown}
 k - 4 potions of might {unknown}
 m - 2 potions of degeneration {unknown}
 o - a potion of magic {unknown}
 r - 2 potions of curing {unknown}
 s - a potion of lignification {unknown}


   Skills:
 * Level 5.0 Fighting
 * Level 3.8 Maces & Flails
 * Level 0.6 Armour
 * Level 3.5 Dodging


You had 4 spell levels left.
You didn't know any spells.
Your spell library was empty.

Dungeon Overview and Level Annotations

Branches:
Dungeon (4/15)
 Temple: D:4-7

Altars:


Innate Abilities, Weirdness & Mutations

You are too large for most types of armour.
You have tough skin. (AC +1)


Message History

You are too injured to fight recklessly!
You are too injured to fight recklessly!
You are too injured to fight recklessly!
You are too injured to fight recklessly!
You are too injured to fight recklessly!
You are too injured to fight recklessly!
You are too injured to fight recklessly!
You are too injured to fight recklessly!
You are too injured to fight recklessly!
You barely miss the orc priest.
The orc priest is moderately wounded.
The orc priest hits you with a +2 vampiric short sword.
The orc priest hits you with a +2 vampiric short sword!
* * * LOW HITPOINT WARNING * * *
The orc priest draws strength from your wounds!
You barely miss the orc priest.
The orc priest hits you with a +2 vampiric short sword.
* * * LOW HITPOINT WARNING * * *
You closely miss the orc priest.
The orc priest hits you with a +2 vampiric short sword.
* * * LOW HITPOINT WARNING * * *
You hit the orc priest.
The orc priest is moderately wounded.
The orc priest hits you with a +2 vampiric short sword.
* * * LOW HITPOINT WARNING * * *
The orc priest draws strength from your wounds!
You thump the orc priest!
The orc priest is severely wounded.
The orc priest closely misses you.
You sock the orc priest!
You kill the orc priest!
Trog accepts your kill. The orc hits you with a +0 dagger.
* * * LOW HITPOINT WARNING * * *
Your Fighting skill increases to level 5!
You have reached level 5!
You hit the orc.
The orc is severely wounded.
The orc hits you with a +0 dagger.
You die...

#..........#
#..........#
####....<..#
#.......#
#.......#
###...#....
###.##### ##
###...#####...##
#...#...@o..#..#
#.#...#####...#.
#.##.## ## # #.#
#.# #.# #.


You could see an orc.

Vanquished Creatures
  An orc priest (D:4)
  3 adders (D:3)
  A dart slug (D:1)
  2 orcs
  7 ball pythons
  7 endoplasms
  3 giant cockroaches
  5 goblins
  5 hobgoblins
  3 quokkas (D:1)
  7 bats
  5 frilled lizards
  11 kobolds
  5 rats
65 creatures vanquished.

Notes
Turn   | Place    | Note
-------+----------+-------------------------------------------
     0 | D:1      | 12sPaWn12 the Ogre Berserker began the quest for the Orb.
     0 | D:1      | Reached XP level 1. HP: 24/24 MP: 1/1
   168 | D:1      | Reached XP level 2. HP: 27/32 MP: 2/2
   457 | D:1      | Reached XP level 3. HP: 27/40 MP: 3/3
   719 | D:1      | Reached ** piety under Trog
  1527 | D:2      | Reached XP level 4. HP: 49/49 MP: 4/4
  2155 | D:4      | HP: 1/49 [orc/+0 dagger (4)]
  2156 | D:4      | Reached skill level 5 in Fighting
  2156 | D:4      | Reached XP level 5. HP: 1/57 MP: 5/5
  2156 | D:4      | Slain by an orc

Illustrated notes

Levels and vault maps discovered:
D:1:      co_arrival_random_square_maze, layout_rooms
D:2:      layout_basic
D:3:      layout_basic
D:4:      wad_lake_hut, layout_basic, gammafunk_temple_overflow_forgotten,
          minmay_temple_entry_enclosed_plants, minmay_misc_feat_alley,
          hangedman_abyss_or_decor_lesser_grid, minmay_misc_feat_tower

Skill      XL: |  1  2  3  4 |
---------------+-------------+-----
Maces & Flails | 3 |  3.8
Dodging        | 3 |  3.5
Fighting       | 5 |  5.0
Armour         | |  0.6

Action                     |  1- 3 |  4- 6 || total
---------------------------+-------+-------++-------
  Melee: Mace              |   175 |    49 ||   224
   Stab: Sleeping          |     1 |       ||     1
 Armour: Animal skin       |    81 |    11 ||    92
  Dodge: Dodged            |   122 |    16 ||   138

Table legend: (Time is in decaauts)
 A = Elapsed time spent in this place.
 B = Non-inter-level travel time spent in this place.
 C = Inter-level travel time spent in this place.
 D = Time resting spent in this place.
 E = Time spent auto-exploring this place.
 F = Levels seen in this place.
 G = Mean time per level.
                   A        B        C        D        E       F      G
               +--------+--------+--------+--------+--------+-----+--------+
         Total |   2209 |   2124 |     85 |      0 |   1652 |   4 |  552.2 |
       Dungeon |   2209 |   2124 |     85 |      0 |   1652 |   4 |  552.2 |
               +--------+--------+--------+--------+--------+-----+--------+

Top non-repeatable levels by time:
     D:1: 959 daAuts
     D:2: 679 daAuts
     D:3: 540 daAuts
     D:4: 30 daAuts
